AoeStats
← Kingslayers_

Arabia

510303499Analyzed
4v4 RM · 20h ago on Sep 30, 2026· 21m 59s· 8 players
Game mode
Random Map
Map size
Large (8 player)
Population
200
Speed
Normal
Resources
Standard
Victory
Conquest
Starting age
Dark Age
Ending age
Imperial Age
RankedLock teamsTeams togetherTeam positionsShared explorationLock speedFull tech treeHidden civsTurbo modeCheats
Victory
Defeat
🇨🇳 Franks · China
948
+6
🇨🇳 Cumans · China
864
+9
🇨🇳 Mongols · China
829
+10
🇨🇳 Persians · China
814
+11
🇹🇷 Britons · Türkiye
768
-12
🇮🇹 Khmer · Italy
724
-10
🇺🇸 Romans · United States
645
-7
🇨🇳 Persians · China
645
-7
CHINOMIN
0:35 Loom
16:54 Feudal Age
17:48 Horse Collar
18:26 Man-at-Arms
京圈狂人
11:02 Feudal Age
12:27 Wheelbarrow
22:17 Castle Age
Kingslayers_
12:04 Feudal Age
13:18 Double-Bit Axe
16:36 Castle Age
18:48 Bow Saw
ʟɪsᴀɴ ᴀʟ-ɢᴀɪʙ
12:35 Feudal Age
14:07 Wheelbarrow
13:34 Double-Bit Axe
13:32 Horse Collar
13:44 Gold Mining
13:44 Stone Mining
20:55 Castle Age
阿炳弟弟
11:59 Feudal Age
12:41 Double-Bit Axe
13:09 Stone Mining
13:11 Gold Mining
21:26 Castle Age
19:38 Fletching
19:38 Horse Collar
20:54 Forging
21:03 Padded Archer Armor
21:38 Bloodlines
22:35 Heavy Plow
hondayu
11:46 Feudal Age
16:31 Castle Age
15:29 Bloodlines
15:34 Double-Bit Axe
15:52 Horse Collar
hh29
0:45 Loom
13:34 Feudal Age
14:05 Double-Bit Axe
14:16 Town Watch
15:25 Fletching
MIN
11:49 Feudal Age
16:06 Castle Age
14:35 Double-Bit Axe
17:36 Forging
17:32 Scale Barding Armor
Connection lost

Rejoining the realm…

Still unreachable

The connection could not be restored.

Session expired

The server has moved on; the page needs a fresh start.